TOP OF THE 1ST |
Chicago Machine batting - Pitching for Vista Panthers : RHP Paco Canpos
|
Pitching: RHP Paco Canpos
|
|
Batting: RHB Pablo Sandoval
|
0-0: Fly out, F8 (Flyball, 89M)
|
Batting: LHB Keng-chi Lao
|
0-0: Foul Ball, location: 2F 0-1: Called Strike 0-2: Foul Ball, location: 2F 0-2: Ball 1-2: Foul Ball, location: 2F 1-2: Ball 2-2: SINGLE (Line Drive, 7S)
|
Batting: SHB José Alomar
|
0-0: Foul Ball, location: 2F 0-1: DOUBLE (Line Drive, 9D) Keng-chi Lao to third Runner from 3rd tries for Home, SAFE, throw made home
|
Batting: RHB Roberto Tobías
|
0-0: Called Strike 0-1: Foul Ball, location: 2F 0-2: Fly out, F8 (Line Drive, 8RS)
|
Batting: SHB Joaquín López
|
0-0: Swinging Strike 0-1: Foul Ball, location: 2F 0-2: Ball 1-2: Strikes out swinging
|
Top of the 1st over - 1 run(s), 2 hit(s), 0 error(s), 1 left on base; Chicago 1 - Vista 0 |
BOTTOM OF THE 1ST |
Vista Panthers batting - Pitching for Chicago Machine : RHP Rod Day
|
Pitching: RHP Rod Day
|
|
Batting: LHB Francisco Marino
|
0-0: Fly out, F7 (Line Drive, 7S)
|
Batting: RHB Stephen Wilson
|
0-0: Called Strike 0-1: Called Strike 0-2: Ball 1-2: Ground out U3 (Groundball, 3S)
|
Batting: LHB Brent Alonzo
|
0-0: Foul Ball, location: 2F 0-1: Called Strike 0-2: Ground out U3 (Groundball, 34)
|
Bottom of the 1st over - 0 run(s), 0 hit(s), 0 error(s), 0 left on base; Chicago 1 - Vista 0 |
TOP OF THE 2ND |
Chicago Machine batting - Pitching for Vista Panthers : RHP Paco Canpos
|
Batting: RHB Gonzalo Gil
|
0-0: Ball 1-0: Foul Ball, location: 2F 1-1: Ground out 1-3 (Groundball, 13S)
|
Batting: LHB Héctor Cruz
|
0-0: Ball 1-0: Ball 2-0: Fly out, F7 (Flyball, 7)
|
Batting: RHB Nick Harris
|
0-0: Ball 1-0: Ball 2-0: Foul Ball, location: 2F 2-1: Foul Ball, location: 2F 2-2: SINGLE (Groundball, 56D)
|
Batting: LHB Tanyu Imai
|
0-0: Called Strike 0-1: Ball 1-1: Ball 2-1: Ball 3-1: Called Strike 3-2: SINGLE (Groundball, 6D) Nick Harris to second Nick Harris to third
|
Batting: RHB Pablo Sandoval
|
0-0: Ball 1-0: Called Strike 1-1: Swinging Strike 1-2: Foul Ball, location: 2F 1-2: Ground out 1-3 (Groundball, 15S)
|
Top of the 2nd over - 0 run(s), 2 hit(s), 0 error(s), 2 left on base; Chicago 1 - Vista 0 |
BOTTOM OF THE 2ND |
Vista Panthers batting - Pitching for Chicago Machine : RHP Rod Day
|
Batting: LHB Juan Cortés
|
0-0: Ball 1-0: Foul Ball, location: 2F 1-1: Foul Ball, location: 2F 1-2: Strikes out looking
|
Batting: RHB Alfredo Rivera
|
0-0: Swinging Strike 0-1: Ball 1-1: Foul Ball, location: 2F 1-2: Strikes out swinging
|
Batting: RHB Cisco Gatán
|
0-0: Ball 1-0: Foul Ball, location: 2F 1-1: Foul Ball, location: 2F 1-2: Foul Ball, location: 2F 1-2: Foul Ball, location: 2F 1-2: DOUBLE (Groundball, 5L)
|
Batting: LHB Bob Cunningham
|
0-0: Foul Ball, location: 2F 0-1: DOUBLE (Flyball, 89D) Cisco Gatán scores
|
Batting: RHB Phil Matthews
|
0-0: Ball 1-0: Swinging Strike 1-1: Foul Ball, location: 2F 1-2: Ball 2-2: Strikes out swinging
|
Bottom of the 2nd over - 1 run(s), 2 hit(s), 0 error(s), 1 left on base; Chicago 1 - Vista 1 |
TOP OF THE 3RD |
Chicago Machine batting - Pitching for Vista Panthers : RHP Paco Canpos
|
Batting: LHB Keng-chi Lao
|
0-0: Swinging Strike 0-1: Ground out U3 (Groundball, 34S)
|
Batting: SHB José Alomar
|
0-0: Ball 1-0: Called Strike 1-1: Ball 2-1: Ball 3-1: SINGLE (Groundball, 4MD)
|
Batting: RHB Roberto Tobías
|
0-0: Called Strike 0-1: Swinging Strike 0-2: Strikes out swinging
|
Batting: SHB Joaquín López
|
0-0: Called Strike 0-1: Called Strike 0-2: Fielders Choice at 2nd, 4-6 (Groundball, 34)
|
Top of the 3rd over - 0 run(s), 1 hit(s), 0 error(s), 0 left on base; Chicago 1 - Vista 1 |
BOTTOM OF THE 3RD |
Vista Panthers batting - Pitching for Chicago Machine : RHP Rod Day
|
Batting: RHB Justin Burgess
|
0-0: Ground out 4-3 (Groundball, 4)
|
Batting: LHB Francisco Marino
|
0-0: Ball 1-0: Ball 2-0: Called Strike 2-1: Called Strike 2-2: SINGLE (Line Drive, 7S)
|
Batting: RHB Stephen Wilson
|
0-0: Foul Ball, location: 2F 0-1: Called Strike 0-2: Foul Ball, location: 2F 0-2: Foul Ball, location: 2F 0-2: Ball 1-2: Ball 2-2: Ball 3-2: Strikes out swinging
|
Batting: LHB Brent Alonzo
|
0-0: Ball 1-0: DOUBLE (Line Drive, 9LM) Francisco Marino to third Runner from 3rd tries for Home, SAFE, no throw
|
Batting: LHB Juan Cortés
|
0-0: Ball 1-0: Called Strike 1-1: Ball 2-1: Ball 3-1: Base on Balls
|
Batting: RHB Alfredo Rivera
|
0-0: Ball 1-0: Ball 2-0: Ball 3-0: Base on Balls Brent Alonzo to third Juan Cortés to second
|
Batting: RHB Cisco Gatán
|
0-0: Foul Ball, location: 2F 0-1: Foul Ball, location: 2F 0-2: Ball 1-2: Ball 2-2: Strikes out swinging
|
Bottom of the 3rd over - 1 run(s), 2 hit(s), 0 error(s), 3 left on base; Chicago 1 - Vista 2 |
TOP OF THE 4TH |
Chicago Machine batting - Pitching for Vista Panthers : RHP Paco Canpos
|
Batting: RHB Gonzalo Gil
|
0-0: Ball 1-0: Fly out, F7 (Flyball, 78M)
|
Batting: LHB Héctor Cruz
|
0-0: Ball 1-0: Swinging Strike 1-1: Foul Ball, location: 2F 1-2: Foul Ball, location: 2F 1-2: Foul Ball, location: 2F 1-2: Ball 2-2: Foul Ball, location: 2F 2-2: Ground out 6-3 (Groundball, 6D)
|
Batting: RHB Nick Harris
|
0-0: Called Strike 0-1: Ground out 1-3 (Groundball, P)
|
Top of the 4th over - 0 run(s), 0 hit(s), 0 error(s), 0 left on base; Chicago 1 - Vista 2 |
BOTTOM OF THE 4TH |
Vista Panthers batting - Pitching for Chicago Machine : RHP Rod Day
|
Batting: LHB Bob Cunningham
|
0-0: Foul Ball, location: 2F 0-1: Called Strike 0-2: Ball 1-2: Foul Ball, location: 2F 1-2: Ball 2-2: Ball 3-2: Foul Ball, location: 2F 3-2: SINGLE (Groundball, 6MD)
|
Batting: RHB Phil Matthews
|
0-0: Called Strike 0-1: Ball 1-1: Swinging Strike 1-2: Strikes out swinging
|
Batting: RHB Justin Burgess
|
0-0: Ball 1-0: Called Strike 1-1: Foul Ball, location: 2F 1-2: Foul Ball, location: 2F 1-2: Grounds into double play, 4-6-3 (Groundball, 34)
|
Bottom of the 4th over - 0 run(s), 1 hit(s), 0 error(s), 0 left on base; Chicago 1 - Vista 2 |
TOP OF THE 5TH |
Chicago Machine batting - Pitching for Vista Panthers : RHP Paco Canpos
|
Batting: LHB Tanyu Imai
|
0-0: Called Strike 0-1: Swinging Strike 0-2: Ball 1-2: SINGLE (Groundball, 6MD)
|
Batting: RHB Pablo Sandoval
|
0-0: Ball 1-0: Ball 2-0: Foul Ball, location: 2F 2-1: Fielders Choice at 2nd, 5-4 (Groundball, 56)
|
Batting: LHB Keng-chi Lao
|
0-0: Ball Pablo Sandoval is caught stealing 2nd base 1-0: Swinging Strike 1-1: Foul Ball, location: 2F 1-2: Ball 2-2: Ball 3-2: Fly out, F9 (Line Drive, 9D)
|
Top of the 5th over - 0 run(s), 1 hit(s), 0 error(s), 0 left on base; Chicago 1 - Vista 2 |
BOTTOM OF THE 5TH |
Vista Panthers batting - Pitching for Chicago Machine : RHP Rod Day
|
Batting: LHB Francisco Marino
|
0-0: Ball 1-0: Foul Ball, location: 2F 1-1: Ball 2-1: Called Strike 2-2: Fly out, F3 (Line Drive, 3)
|
Batting: RHB Stephen Wilson
|
0-0: Ball 1-0: Swinging Strike 1-1: Ball 2-1: Foul Ball, location: 2F 2-2: Foul Ball, location: 2F 2-2: Ball 3-2: Strikes out looking
|
Batting: LHB Brent Alonzo
|
0-0: Ball 1-0: Ball 2-0: Called Strike 2-1: Ball 3-1: Called Strike 3-2: SINGLE (Groundball, 6D)
|
Pitching: LHP John Knight
|
|
Batting: LHB Juan Cortés
|
0-0: Called Strike 0-1: Ball 1-1: Fly out, F7 (Flyball, 7LM)
|
Bottom of the 5th over - 0 run(s), 1 hit(s), 0 error(s), 1 left on base; Chicago 1 - Vista 2 |
TOP OF THE 6TH |
Chicago Machine batting - Pitching for Vista Panthers : RHP Paco Canpos
|
Batting: SHB José Alomar
|
0-0: Called Strike 0-1: Ball 1-1: DOUBLE (Flyball, 89D)
|
Pitching: RHP Alonso Gallardo
|
|
Batting: RHB Roberto Tobías
|
0-0: Ball 1-0: Ball 2-0: Called Strike 2-1: DOUBLE (Groundball, 3L) José Alomar scores
|
Batting: SHB Joaquín López
|
0-0: Called Strike 0-1: Swinging Strike 0-2: Ball 1-2: Strikes out swinging
|
Batting: RHB Gonzalo Gil
|
0-0: Intentional Walk
|
Batting: LHB Héctor Cruz
|
0-0: Called Strike 0-1: Ball 1-1: Ball 2-1: Ball 3-1: Foul Ball, location: 2F 3-2: Strikes out looking
|
Batting: RHB Nick Harris
|
0-0: Ball 1-0: Foul Ball, location: 2F 1-1: Ball 2-1: Fly out, F8 (Flyball, 78M)
|
Top of the 6th over - 1 run(s), 2 hit(s), 0 error(s), 2 left on base; Chicago 2 - Vista 2 |
BOTTOM OF THE 6TH |
Vista Panthers batting - Pitching for Chicago Machine : LHP John Knight
|
Batting: RHB Alfredo Rivera
|
0-0: Fly out, F4 (Popup, 4)
|
Batting: RHB Cisco Gatán
|
0-0: Foul Ball, location: 2F 0-1: Called Strike 0-2: Foul Ball, location: 2F 0-2: Ball 1-2: Ball 2-2: Ground out 6-3 (Groundball, 6M)
|
Batting: LHB Bob Cunningham
|
0-0: Swinging Strike 0-1: Ball 1-1: Ball 2-1: Called Strike 2-2: Ball 3-2: Foul Ball, location: 2F 3-2: Fly out, F8 (Flyball, 8RS)
|
Bottom of the 6th over - 0 run(s), 0 hit(s), 0 error(s), 0 left on base; Chicago 2 - Vista 2 |
TOP OF THE 7TH |
Chicago Machine batting - Pitching for Vista Panthers : RHP Alonso Gallardo
|
Pitching: LHP António Martínez
|
|
Batting: LHB Tanyu Imai
|
0-0: Foul Ball, location: 2F 0-1: Foul Ball, location: 2F 0-2: Strikes out swinging
|
Batting: RHB Pablo Sandoval
|
0-0: Called Strike 0-1: Called Strike 0-2: Strikes out swinging
|
Pitching: RHP José Betancourt
|
|
Batting: LHB Keng-chi Lao
|
0-0: Fly out, F7 (Flyball, 7LSF)
|
Top of the 7th over - 0 run(s), 0 hit(s), 0 error(s), 0 left on base; Chicago 2 - Vista 2 |
BOTTOM OF THE 7TH |
Vista Panthers batting - Pitching for Chicago Machine : LHP John Knight
|
Batting: RHB Phil Matthews
|
0-0: Ball 1-0: Ball 2-0: Ball 3-0: Called Strike 3-1: Foul Ball, location: 2F 3-2: Base on Balls
|
Batting: RHB Justin Burgess
|
0-0: Bunted foul 0-1: Sac Bunt - play at first, batter OUT! 5-4 Phil Matthews to second
|
Pinch Hitting: RHB Guo-xiu Choi
|
0-0: Ball 1-0: Ball 2-0: Called Strike 2-1: Ground out 5-3 (Groundball, 56S) Phil Matthews to third
|
Batting: RHB Stephen Wilson
|
0-0: DOUBLE (Flyball, 78XD) Phil Matthews scores
|
Batting: LHB Brent Alonzo
|
0-0: Called Strike 0-1: Ball 1-1: Ball 2-1: Foul Ball, location: 2F 2-2: Strikes out looking
|
Bottom of the 7th over - 1 run(s), 1 hit(s), 0 error(s), 1 left on base; Chicago 2 - Vista 3 |
TOP OF THE 8TH |
Chicago Machine batting - Pitching for Vista Panthers : RHP José Betancourt
|
Now at 3B: António López
|
|
Batting: SHB José Alomar
|
0-0: Called Strike 0-1: Ball 1-1: Ball 2-1: Foul Ball, location: 2F 2-2: Ball 3-2: Ground out U3 (Groundball, 3)
|
Batting: RHB Roberto Tobías
|
0-0: Fly out, F6 (Popup, 6)
|
Batting: SHB Joaquín López
|
0-0: Ball 1-0: Ball 2-0: Fly out, F9 (Flyball, 9S)
|
Top of the 8th over - 0 run(s), 0 hit(s), 0 error(s), 0 left on base; Chicago 2 - Vista 3 |
BOTTOM OF THE 8TH |
Vista Panthers batting - Pitching for Chicago Machine : LHP John Knight
|
Batting: LHB Juan Cortés
|
0-0: Ball 1-0: Swinging Strike 1-1: Ball 2-1: Swinging Strike 2-2: Foul Ball, location: 2F 2-2: Fly out, F8 (Flyball, 8LM)
|
Batting: RHB Alfredo Rivera
|
0-0: SINGLE (Line Drive, 5S)
|
Batting: RHB Cisco Gatán
|
0-0: Foul Ball, location: 2F 0-1: Ball 1-1: Ball 2-1: Foul Ball, location: 2F 2-2: Ball 3-2: Foul Ball, location: 2F 3-2: Ground out 4-3 (Groundball, 4M) Alfredo Rivera to second
|
Batting: LHB Bob Cunningham
|
0-0: Foul Ball, location: 2F 0-1: Swinging Strike 0-2: Ball 1-2: Foul Ball, location: 2F 1-2: Fly out, F3 (Line Drive, 3)
|
Bottom of the 8th over - 0 run(s), 1 hit(s), 0 error(s), 1 left on base; Chicago 2 - Vista 3 |
TOP OF THE 9TH |
Chicago Machine batting - Pitching for Vista Panthers : RHP José Betancourt
|
Pitching: RHP David Simpson
|
|
Batting: RHB Gonzalo Gil
|
0-0: Ball 1-0: Swinging Strike 1-1: Foul Ball, location: 2F 1-2: Foul Ball, location: 2F 1-2: Ball 2-2: Ball 3-2: Strikes out looking
|
Batting: LHB Héctor Cruz
|
0-0: Ground out 4-3 (Groundball, 4)
|
Batting: RHB Nick Harris
|
0-0: Ball 1-0: Swinging Strike 1-1: Foul Ball, location: 2F 1-2: Strikes out swinging
|
Top of the 9th over - 0 run(s), 0 hit(s), 0 error(s), 0 left on base; Chicago 2 - Vista 3 |
|